 Dungeon Crawl Stone Soup version 0.31-a0-145-g046c7d2549 (webtiles) character file.

Game seed: 1816272469080522401

24407 holysushi the Spry (level 13, -5/70 HPs)
             Began as a Tengu Air Elementalist on June 6, 2023.
             Was the Champion of Okawaru.
             Slain by a polar bear (16 damage)
             ... on level 5 of the Lair of Beasts.
             The game lasted 00:30:04 (19498 turns).

holysushi the Spry (Tengu Air Elementalist)        Turns: 19498, Time: 00:30:05

Health: -5/70      AC:  5    Str: 13    XL:     13   Next: 12%
Magic:  34/37      EV: 28    Int: 22    God:    Okawaru [******]
Gold:   1494       SH:  0    Dex: 21    Spells: 25/32 levels left

rFire   + . .        J - +9 long sword "Wiro" {flame, rPois rC+ Str+3}
rCold   + . .        v - orb {*channel}
rNeg    . . .        B - +2 robe {rF+}
rPois   +            M - +1 hat
rElec   .            e - scarf "Buejeo" {harm, rPois Dex+3}
rCorr   .            (no gloves)
SInv    .            (boots unavailable)
Will    .....        (no amulet)
Stlth   ++           h - ring of magical power
HPRegen 0.31/turn    i - +6 ring of intelligence
MPRegen 0.25/turn

%: harm (+30% outgoing, +20% incoming), channel magic (20%)
@: flying quickly and evasively, very slightly contaminated, quick
A: beak, talons 3, nimble flight
a: Renounce Religion, Heroism, Finesse, Duel


You were on level 5 of the Lair of Beasts.
You worshipped Okawaru.
Okawaru was exalted by your worship.
You visited 4 branches of the dungeon, and saw 17 of its levels.
You also visited: Bailey.

You collected 1494 gold pieces.

Inventory:

Hand Weapons
 u - a +1 dagger of draining
 I - the +3 mace "Ynoityr" {flame, rF+ rN+}
   (You found it on level 10 of the Dungeon)

   rF:        It protects you from fire.
   rN:        It protects you from negative energy.
 J - the +9 long sword "Wiro" (weapon) {flame, rPois rC+ Str+3}
   (You found it on level 10 of the Dungeon)

   Str:       It affects your strength (+3).
   rC:        It protects you from cold.
   rPois:     It protects you from poison.
Missiles
 n - a throwing net
Armour
 e - the scarf "Buejeo" (worn) {harm, rPois Dex+3}
   (You acquired it in a bailey)

   Dex:       It affects your dexterity (+3).
   rPois:     It protects you from poison.
 o - a +1 cloak
 v - an orb of energy (worn)
 B - a +2 robe of fire resistance (worn)
 L - the scarf of the Skies Above {repulsion, +Inv rF++ Int-2 SInv}
   (Okawaru gifted it to you on level 1 of the Lair of Beasts)

   Int:       It affects your intelligence (-2).
   rF:        It greatly protects you from fire.
   SInv:      It lets you see invisible.
   +Inv:      It lets you turn invisible.
 M - a +1 hat (worn)
Jewellery
 h - a ring of magical power (left hand)
 i - a +6 ring of intelligence (right hand)
 j - a ring of poison resistance
 z - a ring of ice
 F - a ring of resist corrosion
Wands
 y - a wand of roots (12)
 H - a wand of flame (17)
Scrolls
 c - 2 scrolls of blinking
 d - a scroll of teleportation
 f - 5 scrolls of magic mapping
 g - 3 scrolls of vulnerability
 l - 11 scrolls of identify {unknown}
 p - 4 scrolls of fear {unknown}
 q - 2 scrolls of poison {unknown}
 w - 3 scrolls of fog {unknown}
 x - 2 scrolls of immolation {unknown}
 D - 4 scrolls of enchant weapon
 E - 2 scrolls of brand weapon {unknown}
 N - a scroll of amnesia {unknown}
Potions
 a - 2 potions of attraction {unknown}
 b - a potion of magic
 k - 5 potions of curing
 m - 4 potions of haste {unknown}
 r - a potion of enlightenment {unknown}
 s - 2 potions of might
 t - 6 potions of degeneration {unknown}
 A - a potion of lignification {unknown}
 C - 3 potions of resistance
 G - 3 potions of heal wounds {unknown}
 K - a potion of mutation {unknown}


   Skills:
 + Level 4.0 Fighting
 + Level 15.4 Dodging
 - Level 2.0 Stealth
 - Level 10.0 Spellcasting
 - Level 3.0 Conjurations
 - Level 15.0 Air Magic
 - Level 4.0 Invocations


You had 25 spell levels left.
You knew the following spells:

 Your Spells              Type           Power      Damage    Failure   Level
a - Shock                 Conj/Air       100%       1d9       1%          1
b - Static Discharge      Conj/Air       100%       2-7/arc   2%          2
d - Airstrike             Air            33%        2d(5-21)  1%          4

Your spell library contained the following spells:

 Spells                   Type           Power      Damage    Failure   Level
 Swiftness                Air            67%        N/A       1%          3
 Kiss of Death            Conj/Necr      68%        2d10      11%         1
 Momentum Strike          Conj/Tloc      34%        3d8       14%         2
 Apportation              Tloc           22%        N/A       17%         1
 Necrotise                Necr           44%        1d6       17%         1
 Blink                    Tloc           22%        N/A       22%         2
 Lesser Beckoning         Tloc           22%        N/A       22%         2
 Hailstorm                Conj/Ice       17%        3d6       24%         3
 Confusing Touch          Hex            11%        N/A       38%         3
 Gell's Gravitas          Tloc           11%        N/A       38%         3
 Spider Form              Tmut/Pois      11%        N/A       38%         3
 Teleport Other           Tloc           11%        N/A       38%         3
 Dispel Undead            Necr           11%        3d9       73%         4
 Ice Form                 Ice/Tmut       11%        N/A       73%         4
 Passage of Golubria      Tloc           11%        N/A       73%         4
 Summon Small Mammal      Summ           Unusable   N/A       N/A         1
 Simulacrum               Ice/Necr       Unusable   N/A       N/A         6

Dungeon Overview and Level Annotations

Branches:
Dungeon (11/15) Zot: 26521  Temple (1/1) D:6 Zot: 5741    Lair (3/5) D:10 Zot: 19572
  Swamp (0/4) Lair:2       Spider (0/4) Lair:2          Orc (1/2) D:10 Zot: 5859
 Bailey (visited)

Altars:
Ashenzari
Cheibriados
Dithmenos
Elyvilon
Fedhas
Gozag
Hepliaklqana
Kikubaaqudgha
Makhleb
Nemelex Xobeh
Okawaru
Qazlal
Ru
Sif Muna
Trog
Uskayaw
Vehumet
Wu Jian
Xom
Yredelemnul
Zin
The Shining One

Annotations:
D:7 2 transporters, Grum; Starbright's ghost, novice OpCj
D:8 3 runed translucent doors, smokingjp's ghost, novice KoHs
D:9 2 transporters


Innate Abilities, Weirdness & Mutations

You have a beak for a mouth.
You have claws for feet.
Your magical nature lets you fly swiftly and evasively.


Message History

Magical energy flows into your mind!
Casting: Airstrike (dangerous; 1% risk of failure)
Confirm with . or Enter, or press ? or * to list all spells.
Aiming: Airstrike (dangerous; 1% risk of failure)
Press: ? - help, Dir - move target, f/p - polar bear
Aim: a polar bear (moderately wounded, empty space bonus: 8/8)
You miscast Airstrike.
You are very lightly contaminated with residual magic.
Nothing appears to happen.
Magical energy flows into your mind!
Casting: Airstrike (dangerous; 1% risk of failure)
Confirm with . or Enter, or press ? or * to list all spells.
Aiming: Airstrike (dangerous; 1% risk of failure)
Press: ? - help, Dir - move target, f/p - polar bear
Aim: a polar bear (moderately wounded, empty space bonus: 8/8)
The air twists around and strikes the polar bear!
The polar bear is severely wounded.
Casting: Airstrike (dangerous; 1% risk of failure)
Confirm with . or Enter, or press ? or * to list all spells.
Aiming: Airstrike (dangerous; 1% risk of failure)
Press: ? - help, Dir - move target, f/p - polar bear
Aim: a polar bear (severely wounded, empty space bonus: 6/8)
You miscast Airstrike.
Nothing appears to happen.
Magical energy flows into your mind! The polar bear bites you.
* * * LOW HITPOINT WARNING * * *
The polar bear misses you. x2
Casting: Airstrike (dangerous; 1% risk of failure)
Confirm with . or Enter, or press ? or * to list all spells.
Aiming: Airstrike (dangerous; 1% risk of failure)
Press: ? - help, Dir - move target, f/p - polar bear
Aim: a polar bear (severely wounded, empty space bonus: 6/8)
You miscast Airstrike.
You are caught in an explosion of electrical discharges.
* * * LOW HITPOINT WARNING * * *
Magical energy flows into your mind!
The polar bear completely misses you. x2
The polar bear closely misses you.
You hit the fungus.
The fungus begins to die.
You burn the fungus. You peck the fungus.
The fungus is lightly damaged.
The polar bear bites you!
You die...

**,............#,,,,,,,,**
*,*...#........#*,,,,,,,,,
***./..........##**,,,,,,,
*##...........##****,,,,
#P............#** **,,,
*#.............,* *8*8,
*,#...PP.......,*******
*#.#.P#........,,*** *
*#...@h.......,,,,* *
#............,,,,* **
##.#.........,,,** *~
#...........,,,****~
**#...........,,***~~~
*,,...........,,****~*
**#..P.......?,,,*****
#..........,,,,,,***
***,,,,,,,,,,,,,,,,,,*


You could see a polar bear.

Vanquished Creatures
  3 two-headed ogres
  An orc knight (Bailey)
  A wolf spider (Lair:2)
  2 orc sorcerers (Bailey)
  10 elephants
  Joseph (D:7)
  A gargoyle (D:10)
  2 cane toads
  An unseen horror (D:11)
  2 rime drakes (Lair:1)
  6 komodo dragons
  2 trolls
  3 polar bears
  A tyrant leech (Lair:2)
  10 blink frogs
  2 wyverns (Lair:3)
  18 yaks
  4 vampire mosquitoes
  2 basilisks
  4 wargs (D:10)
  An acid dragon (D:8)
  4 swamp worms (Lair:2)
  9 water moccasins
  12 orc warriors
  Duvessa (D:7)
  An ice beast (D:7)
  A sky beast (D:8)
  3 black bears
  3 ogres
  3 centaurs
  5 wolves (Lair:2)
  A phantom (D:5)
  A kobold brigand (D:10)
  13 bullfrogs
  4 scorpions
  Dowan (D:7)
  9 killer bees
  3 electric eels (Bailey)
  4 howler monkeys
  2 jellies
  2 hounds
  4 orc priests
  A gnoll bouda (D:6)
  Natasha (twice) (D:4)
  4 iguanas
  14 orc wizards
  12 gnolls
  11 adders
  A shadow imp (D:8)
  An ufetubus (D:6)
  4 worms
  4 dart slugs
  38 orcs
  10 endoplasms
  2 giant cockroaches
  12 goblins
  9 hobgoblins
  4 jackals
  8 quokkas
  8 ball pythons
  9 bats
  5 frilled lizards
  12 kobolds
  5 rats
339 creatures vanquished.

Notes
Turn   | Place    | Note
-------+----------+-------------------------------------------
     0 | D:1      | holysushi the Tengu Air Elementalist began the quest for
                  | the Orb.
     0 | D:1      | Reached XP level 1. HP: 10/10 MP: 4/4
   188 | D:1      | Reached XP level 2. HP: 15/15 MP: 4/6
   346 | D:1      | Reached skill level 1 in Fighting
   549 | D:1      | Reached XP level 3. HP: 20/20 MP: 7/7
  1205 | D:2      | Reached XP level 4. HP: 26/26 MP: 8/8
  1591 | D:2      | Found a white marble altar of Elyvilon.
  1923 | D:3      | Gained mutation: Your magical nature lets you fly swiftly
                  | and evasively. [Tengu growth]
  1923 | D:3      | Reached XP level 5. HP: 30/30 MP: 11/11
  1969 | D:2      | Learned a level 2 spell: Static Discharge
  1974 | D:2      | Learned a level 4 spell: Airstrike
  2197 | D:3      | Reached skill level 5 in Air Magic
  2235 | D:3      | Reached XP level 6. HP: 35/35 MP: 12/12
  2968 | D:4      | Reached XP level 7. HP: 40/40 MP: 13/13
  3468 | D:4      | Found a hazy altar of Hepliaklqana.
  4056 | D:4      | Noticed Natasha
  4070 | D:4      | Killed Natasha
  4205 | D:4      | Noticed Natasha
  4207 | D:4      | Killed Natasha
  4419 | D:5      | Entered Level 5 of the Dungeon
  4430 | D:5      | Reached skill level 5 in Dodging
  4718 | D:5      | Reached XP level 8. HP: 44/44 MP: 14/14
  4961 | D:5      | Found a hide-covered altar of Uskayaw.
  5576 | D:6      | Noticed a troll
  5578 | D:6      | Killed a troll
  5579 | D:6      | Reached skill level 10 in Air Magic
  5656 | D:6      | Found the +18 Lear's hauberk
  5819 | D:6      | Reached XP level 9. HP: 33/48 MP: 10/16
  6075 | D:6      | Found a staircase to the Ecumenical Temple.
  6122 | D:6      | Reached skill level 5 in Spellcasting
  6165 | Temple   | Entered the Ecumenical Temple
  6415 | Temple   | Became a worshipper of Warmaster Okawaru
  6776 | D:6      | Found Yruloxemm's Assorted Antiques.
  6866 | D:7      | Noticed Duvessa
  6866 | D:7      | Noticed Dowan
  7735 | D:7      | Killed Duvessa
  8047 | D:7      | Killed Dowan
  8226 | D:7      | Noticed Joseph
  8234 | D:7      | Killed Joseph
  8234 | D:7      | Reached * piety under Okawaru
  8679 | D:7      | Found a transporter.
  8689 | D:7      | Noticed Grum
  8742 | D:7      | Found a transporter.
  8750 | D:7      | Identified the +2 kite shield of Jeiti {Str+2}
  8785 | D:7      | Identified the ring "Kidips" {Fire Drain rElec Int+7
                  | Slay+2}
  8788 | D:7      | Noticed Starbright's ghost (novice OpCj)
  9319 | D:8      | Found a shimmering blue altar of Sif Muna.
  9319 | D:8      | Found an ancient bone altar of Kikubaaqudgha.
  9320 | D:8      | Found a radiant altar of Vehumet.
  9346 | D:8      | Reached XP level 10. HP: 53/53 MP: 23/23
  9350 | D:8      | Reached ** piety under Okawaru
  9772 | D:8      | Found a glowing silver altar of Zin.
  9772 | D:8      | Found an opulent altar of Gozag.
 10535 | D:8      | Found a glowing golden altar of the Shining One.
 10575 | D:8      | Found a runed translucent gate.
 10576 | D:8      | Found an opulent altar of Gozag.
 10578 | D:8      | Found a runed translucent gate.
 10578 | D:8      | Found a runed translucent gate.
 10581 | D:8      | Noticed smokingjp's ghost (novice KoHs)
 10755 | D:9      | Found a flagged portal.
 10795 | Bailey   | Entered a bailey
 10878 | Bailey   | Noticed an orc sorcerer
 10882 | Bailey   | Killed an orc sorcerer
 10883 | Bailey   | Noticed an orc knight
 11444 | Bailey   | Reached skill level 10 in Spellcasting
 11460 | Bailey   | Acquired the scarf "Buejeo" {harm, rPois Dex+3}
 11550 | Bailey   | Noticed an orc sorcerer
 11554 | Bailey   | Noticed a rust devil
 11567 | Bailey   | Killed an orc sorcerer
 11568 | Bailey   | Reached skill level 1 in Invocations
 11649 | Bailey   | Killed an orc knight
 11649 | Bailey   | Reached *** piety under Okawaru
 11783 | Bailey   | Found an iron altar of Okawaru.
 12298 | D:9      | Found a transporter.
 12351 | D:9      | Noticed a two-headed ogre
 12353 | D:9      | Killed a two-headed ogre
 12353 | D:9      | Reached **** piety under Okawaru
 12354 | D:9      | Reached XP level 11. HP: 57/57 MP: 26/26
 12409 | D:9      | Found a transporter.
 12751 | D:10     | Entered Level 10 of the Dungeon
 12755 | D:10     | Found a staircase to the Lair.
 12781 | D:10     | Found a sacrificial altar of Ru.
 12914 | D:10     | Identified the +3 mace "Ynoityr" {flame, rF+ rN+}
 12991 | D:10     | Noticed a two-headed ogre
 12995 | D:10     | Killed a two-headed ogre
 13000 | D:10     | Identified the +9 long sword "Wiro" {flame, rPois rC+
                  | Str+3}
 13383 | D:10     | Acquired 801 gold pieces
 13427 | D:10     | Found a staircase to the Orcish Mines.
 13668 | D:10     | Reached ***** piety under Okawaru
 13929 | D:10     | Noticed a two-headed ogre
 13937 | D:10     | Killed a two-headed ogre
 13938 | D:10     | Reached skill level 10 in Dodging
 14301 | Orc:1    | Entered Level 1 of the Orcish Mines
 14426 | Orc:1    | Noticed an orc knight
 14905 | Lair:1   | Entered Level 1 of the Lair of Beasts
 15009 | Lair:1   | Received a gift from Okawaru
 15217 | Lair:1   | Reached skill level 15 in Air Magic
 15383 | Lair:1   | Reached XP level 12. HP: 62/62 MP: 13/27
 15839 | Lair:1   | Identified the scarf of the Skies Above {repulsion, +Inv
                  | rF++ Int-2 SInv} (Okawaru gifted it to you on level 1 of
                  | the Lair of Beasts)
 15839 | Lair:1   | Received a gift from Okawaru
 15843 | Lair:1   | Reached ****** piety under Okawaru
 16005 | Lair:1   | Got the Incunabulum of the Gross Singularity
 17406 | Lair:2   | Found a staircase to the Swamp.
 17683 | Lair:2   | Found a hole to the Spider Nest.
 18846 | Lair:3   | Reached skill level 15 in Dodging
 18852 | Lair:3   | Reached XP level 13. HP: 68/68 MP: 14/28
 19112 | Lair:2   | Identified the +9 dire flail of Piercing Anguish {vamp,
                  | *Corrode rElec Dex+3 SInv} (Okawaru gifted it to you on
                  | level 2 of the Lair of Beasts)
 19112 | Lair:2   | Received a gift from Okawaru
 19481 | Lair:3   | You are sucked into a shaft and drop 2 floors!
 19481 | Lair:5   | Entered Level 5 of the Lair of Beasts
 19498 | Lair:5   | Slain by a polar bear

Illustrated notes

Levels and vault maps discovered:
D:1:      eino_arrival_cavern_a, layout_rooms, serial_rivers,
          chequers_serial_rivers_micro_a, chequers_serial_rivers_small_a,
          chequers_serial_rivers_room_a, chequers_serial_rivers_micro_a,
          chequers_serial_rivers_room_a, chequers_serial_rivers_small_a,
          minivault_25
D:2:      minmay_recursive_quarters, layout_rooms, basic_altar,
          kennysheep_generic_room_10
D:3:      layout_rooms, nicolae_kite_square_tiling_tiny,
          corexii_hall_statues_deadend
D:4:      layout_basic, mainiacjoe_overflow_24_doors, uniq_natasha
D:5:      layout_rooms, nicolae_uskayaw_murder_on_the_dancefloor
D:6:      layout_loops_ring, temple_statues, serial_shops, shop,
          hellmonk_guarded_unrand_lears
D:7:      layout_loops_ring, gammafunk_ghost_gnarly_gnolls, uniq_joseph,
          uniq_duvessa
D:8:      layout_loops_ring, grunt_temple_overflow_gold_and_silver,
          grunt_temple_overflow_magic_moments, tso_oasis_becter,
          ebering_ghost_gozag, amcnicky_mini_rare_corridor_liquid
D:9:      gammafunk_cloud_chamber, layout_small_grid, enter_bailey_6
D:10:     layout_basic, mainiacjoe_overflow_alcove_1, lair_entry_dummy,
          minmay_orc_entry_guard_dogs
D:11:     layout_loops_cross
Temple:   dshaligram_water_room_temple
Lair:1:   layout_gridlike, grunt_megastairs_5
Lair:2:   layout_hall_layers, minmay_swamp_entry_worms,
          spider_nest_entry_rubble, st_stairs_11
Lair:3:   layout_misc_corridors, serial_bayou_shore_a, grunt_megastairs_2,
          infiniplex_staircase_pool_2
Lair:5:   cheibrodos_lair_end_hotspot, layout_cave_shapes,
          ebering_ghost_inner_flame
Orc:1:    layout_caves

Skill      XL: |  1  2  3  4  5  6  7  8  9 10 11 12 13 |
---------------+----------------------------------------+-----
Conjurations   | 2 3 |  3.0
Fighting       | 1 2 4 |  4.0
Spellcasting   | 3 4 8 10 | 10.0
Air Magic      | 5 6 8 10 12 15 | 15.0
Dodging        | 3 5 8 9 10 15 | 15.4
Invocations    | 3 4 |  4.0
Stealth        | |  2.0

Action                     |  1- 3 |  4- 6 |  7- 9 | 10-12 | 13-15 || total
---------------------------+-------+-------+-------+-------+-------++-------
  Melee: Unarmed           |     8 |     1 |       |       |       ||     9
         Kick              |     5 |       |     5 |     4 |       ||    14
         Peck              |     1 |     2 |     4 |     1 |     1 ||     9
         Dagger            |       |     2 |    17 |     3 |       ||    22
         Punch             |       |     1 |       |       |       ||     1
         Long sword        |       |       |       |     6 |     2 ||     8
   Cast: Shock             |    71 |    96 |    92 |    41 |     3 ||   303
         Airstrike         |       |     2 |    99 |   314 |    28 ||   443
         Static Discharge  |       |     5 |       |     1 |       ||     6
    Use: Potion            |       |     1 |     1 |     1 |     1 ||     4
         Scroll            |       |       |       |     8 |     2 ||    10
 Armour: Robe              |    11 |     4 |     5 |    11 |     1 ||    32
  Dodge: Dodged            |    27 |    11 |    50 |    67 |    30 ||   185

Table legend: (Time is in decaauts)
 A = Elapsed time spent in this place.
 B = Non-inter-level travel time spent in this place.
 C = Inter-level travel time spent in this place.
 D = Time resting spent in this place.
 E = Time spent auto-exploring this place.
 F = Levels seen in this place.
 G = Mean time per level.
                   A        B        C        D        E       F      G
               +--------+--------+--------+--------+--------+-----+--------+
         Total |  18692 |  17878 |    814 |   5745 |   9108 |  18 | 1038.4 |
       Dungeon |  12586 |  11950 |    636 |   3308 |   6847 |  11 | 1144.2 |
        Temple |    258 |    232 |     26 |     42 |     53 |   1 |  258.0 |
          Lair |   4425 |   4274 |    151 |   1836 |   1950 |   4 | 1106.2 |
  Orcish Mines |    140 |    140 |      0 |    100 |     20 |   1 |  140.0 |
        Bailey |   1282 |   1282 |      0 |    458 |    235 |   1 | 1282.0 |
               +--------+--------+--------+--------+--------+-----+--------+

Top non-repeatable levels by time:
     D:7: 2160 daAuts
    D:10: 1791 daAuts
  Lair:1: 1728 daAuts
  Lair:2: 1693 daAuts
     D:4: 1534 daAuts
     D:8: 1300 daAuts
     D:6: 1294 daAuts
  Bailey: 1282 daAuts
  Lair:3: 987 daAuts
     D:5: 985 daAuts
     D:1: 979 daAuts
     D:2: 971 daAuts
     D:3: 796 daAuts
     D:9: 641 daAuts
  Temple: 258 daAuts
